 Dungeon Crawl Stone Soup version 0.31.0-7-gf635a9b802 (webtiles) character file.

Game seed: 17090382997700764045

85 monsoonserge the Grasshopper (level 4, -2/33 HPs)
             Began as a Demonspawn Warper on Jan 23, 2024.
             Incinerated by a bombardier beetle (5 damage)
             ... with a burning spray
             ... on level 3 of the Dungeon.
             The game lasted 00:05:35 (1407 turns).

monsoonserge the Grasshopper (Demonspawn Warper)    Turns: 1407, Time: 00:05:36

Health: -2/33      AC:  8    Str: 13    XL:     4   Next: 25%
Magic:  7/7        EV: 11    Int: 13    God:
Gold:   75         SH:  0    Dex: 13    Spells: 5/7 levels left

rFire   . . .        a - +0 mace
rCold   . . .        (no shield)
rNeg    . . .        b - +0 leather armour
rPois   .            (no helmet)
rElec   .            h - +2 cloak
rCorr   .            (no gloves)
SInv    .            (no boots)
Will    .....        (no amulet)
Stlth   +            (no ring)
HPRegen 0.25/turn    (no ring)
MPRegen 0.10/turn

%: no passive effects
@: on fire, glowing
A: claws 1, thin metallic scales 1
a: no special abilities


You were on level 3 of the Dungeon.
You visited 1 branch of the dungeon, and saw 3 of its levels.

You collected 75 gold pieces.

Inventory:

Hand Weapons
 a - a +0 mace (weapon)
Missiles
 d - 7 darts of dispersal (quivered)
Armour
 b - a +0 leather armour (worn)
 f - a +2 tower shield
 h - a +2 cloak (worn)
Scrolls
 c - a scroll of blinking
 e - a scroll of immolation {unknown}
 g - a scroll of noise {unknown}
 i - a scroll of poison
 j - a scroll of enchant weapon {unknown}
 k - a scroll of teleportation {unknown}
 l - a scroll of vulnerability {unknown}


   Skills:
 - Level 2.0 Fighting
 - Level 2.0 Maces & Flails
 + Level 0.8 Throwing
 - Level 1.0 Armour
 - Level 2.0 Dodging
 + Level 0.6 Stealth
 * Level 1.7 Unarmed Combat
 - Level 2.0 Spellcasting
 + Level 3.8 Translocations


You had 5 spell levels left.
You knew the following spells:

 Your Spells              Type           Power      Damage    Failure   Level
a - Blink                 Tloc           22%        N/A       11%         2

Your spell library contained the following spells:

 Spells                   Type           Power      Damage    Failure   Level
 Lesser Beckoning         Tloc           22%        N/A       11%         2
 Teleport Other           Tloc           11%        N/A       21%         3
 Manifold Assault         Tloc           11%        N/A       56%         4
 Vhi's Electric Charge    Tloc/Air       12%        N/A       83%         4


Dungeon Overview and Level Annotations

Branches:
Dungeon (2/15)

Altars:
Uskayaw


Innate Abilities, Weirdness & Mutations

You have sharp fingernails.
You are partially covered in thin metallic scales. (AC +2)


Message History

A frilled lizard comes into view.
The frilled lizard hisses angrily.
The frilled lizard bites you.
You sock the frilled lizard!
You kill the frilled lizard!
There are no items here.
l - a scroll labelled UHENYUNN EMONI
There are no items here.
A bombardier beetle comes into view.
An endoplasm comes into view.
The endoplasm quivers.
Found an escape hatch in the ceiling.
The bombardier beetle sprays incendiary fluid at you.
The burning spray hits you.
You are covered in liquid fire!
You hit the bombardier beetle but do no damage.
The liquid fire burns you!
You hit the bombardier beetle but do no damage.
The liquid fire burns you!
The bombardier beetle closely misses you.
You hit the bombardier beetle.
The bombardier beetle is lightly wounded.
The liquid fire burns you!
The bombardier beetle closely misses you.
A hobgoblin comes into view.
You barely miss the bombardier beetle.
The bombardier beetle is lightly wounded.
The liquid fire burns you!
The hobgoblin shouts!
The bombardier beetle bites you but does no damage.
You hit the bombardier beetle.
The bombardier beetle is heavily wounded.
The liquid fire burns you!
* * * LOW HITPOINT WARNING * * *
The bombardier beetle completely misses you.
The air fills with toxic fumes!
As you read the scroll labelled WEFIXE USCHEMASK, it crumbles to dust.
It was a scroll of poison.
The liquid fire burns you!
You die...

§§ #§ §# §§
#§ §#
###g##§ §#
....§§§#§##
.....§§§§§
.#####§J§
##...##B#
...#.#.#(#@#
..#..#((#§#
..#.#(#(#§#
..##.((##§#
#.###(###§#
#.#.###.#§#
#.#.....#§#
#.##._.##§#
#.)#...#..#


You could see a bombardier beetle, 8 dancing weapons, an endoplasm and a
hobgoblin.

Vanquished Creatures
  Robin (D:2)
  3 dart slugs
  4 ball pythons
  5 endoplasms
  2 giant cockroaches (D:1)
  3 hobgoblins
  9 jackals
  A kobold (D:2)
  2 quokkas (D:1)
  3 bats (D:1)
  5 frilled lizards
  16 goblins
  5 rats
59 creatures vanquished.

Notes
Turn   | Place    | Note
-------+----------+-------------------------------------------
     0 | D:1      | monsoonserge the Demonspawn Warper began the quest for the
                  | Orb.
     0 | D:1      | Reached XP level 1. HP: 16/16 MP: 3/3
    26 | D:1      | Reached skill level 1 in Armour
    49 | D:1      | Reached skill level 3 in Translocations
    63 | D:1      | Gained mutation: You have sharp fingernails. [demonic
                  | ancestry]
    63 | D:1      | Reached XP level 2. HP: 20/22 MP: 5/5
    67 | D:1      | Learned a level 2 spell: Blink
   468 | D:1      | Reached XP level 3. HP: 18/27 MP: 6/6
   508 | D:1      | Found a faded altar of an unknown god.
   867 | D:2      | Noticed Robin
   893 | D:2      | Killed Robin
   894 | D:2      | Reached skill level 1 in Unarmed Combat
   910 | D:2      | Gained mutation: You are partially covered in thin metallic
                  | scales. (AC +2) [demonic ancestry]
   910 | D:2      | Reached XP level 4. HP: 15/33 MP: 7/7
  1371 | D:2      | You fall into a shaft and drop 1 floor!
  1378 | D:3      | Found a hide-covered altar of Uskayaw.
  1378 | D:3      | Noticed a +0 falchion
  1378 | D:3      | Noticed a +0 spear
  1378 | D:3      | Noticed a +0 short sword
  1379 | D:3      | Noticed a +0 dagger
  1380 | D:3      | Noticed a +0 dagger
  1381 | D:3      | Noticed a +0 falchion
  1381 | D:3      | Noticed a +0 spear
  1381 | D:3      | Noticed a +0 short sword
  1407 | D:3      | Incinerated by a bombardier beetle

Illustrated notes

Levels and vault maps discovered:
D:1:      grunt_arrival_crossed_arrows, layout_basic,
          shapermc_ecumenical_altar_gd, minmay_tall_x
D:2:      layout_loops_ring, uniq_robin
D:3:      layout_basic, nicolae_uskayaw_en_pointe

Skill      XL: |  1  2  3 |
---------------+----------+-----
Armour         | 1 |  1.0
Translocations | 3 |  3.8
Dodging        | 2 |  2.0
Maces & Flails | 2 |  2.0
Unarmed Combat | 1 |  1.7
Fighting       | |  2.0
Throwing       | |  0.8
Stealth        | |  0.6
Spellcasting   | |  2.0

Action                     |  1- 3 |  4- 6 || total
---------------------------+-------+-------++-------
  Melee: Mace              |   145 |    48 ||   193
         Punch             |     5 |       ||     5
    Use: Potion            |     2 |       ||     2
         Scroll            |       |     1 ||     1
 Armour: Leather armour    |   110 |    24 ||   134
  Dodge: Dodged            |   119 |    26 ||   145
